 Dungeon Crawl Stone Soup version 0.26-a0-1161-g0398aca569 (webtiles) character file.

Game seed: 15052312146887565002

2561 Brecoman the Skirmisher (level 9, -5/92 HPs)
             Began as an Ogre Fire Elementalist on Dec 27, 2020.
             Was a Believer of Makhleb.
             Shot with a bolt by a yaktaur captain (35 damage)
             ... on level 8 of the Dungeon.
             The game lasted 01:01:10 (12262 turns).

Brecoman the Skirmisher (Ogre Fire Elementalist)   Turns: 12262, Time: 01:01:11

Health: -5/92      AC:  5    Str: 14    XL:     9   Next: 56%
Magic:  18/18      EV: 10    Int: 19    God:    Makhleb [**....]
Gold:   26         SH:  0    Dex:  9    Spells: 4/20 levels left

rFire    + + .     SeeInvis .   B - +12 dagger of Feng {speed, rF+}
rCold    + . .     Faith    +   (no shield)
rNeg     . . .     Spirit   .   d - +2 robe {rC+ rF+}
rPois    .         Reflect  .   (helmet restricted)
rElec    .         Harm     .   (no cloak)
rCorr    .         Rampage  .   (gloves unavailable)
Will     .....                  (boots unavailable)
Stlth    +.........             m - amulet of faith
HPRegen  0.25/turn              p - ring of wizardry
MPRegen  0.16/turn              (no ring)

@: attractive
A: large, unfitting armour, tough skin 1
a: Renounce Religion, Minor Destruction


You were on level 8 of the Dungeon.
You worshipped Makhleb.
Makhleb was pleased with you.
You visited 2 branches of the dungeon, and saw 9 of its levels.

You collected 387 gold pieces.
You spent 361 gold pieces at shops.

Inventory:

Hand Weapons
 u - a +0 giant spiked club
 B - the +12 dagger of Feng (weapon) {speed, rF+}
   (You found it on level 4 of the Dungeon)

   Attacks with this weapon are significantly faster.
   It protects you from fire.
Missiles
 b - 3 large rocks
 c - 40 poisoned darts (quivered)
 e - 196 stones
 v - 3 throwing nets
Armour
 d - a +2 robe of resistance (worn)
 y - a +2 robe of willpower
Jewellery
 m - an amulet of faith (around neck)
 p - a ring of wizardry (left hand)
Wands
 i - a wand of acid (7)
 j - a wand of iceblast (11)
 n - a wand of random effects (17)
Scrolls
 a - 2 scrolls of amnesia
 q - a scroll of blinking
 t - a scroll of magic mapping
 A - 4 scrolls of remove curse
Potions
 g - 5 potions of lignification
 h - a potion of mutation
 k - 3 potions of might
 l - a potion of attraction
 o - 5 potions of flight
 r - a potion of ambrosia {unknown}
 s - a potion of brilliance {unknown}
 w - a potion of curing
 x - a potion of berserk rage {unknown}
 z - 2 potions of magic
 C - a potion of heal wounds
 D - a potion of haste


   Skills:
 + Level 6.9 Fighting
 - Level 2.4 Throwing
 - Level 1.7 Dodging
 - Level 1.4 Stealth
 + Level 6.3 Spellcasting
 + Level 4.8 Conjurations
 + Level 5.5 Fire Magic
 - Level 6.5 Invocations


You had 4 spell levels left.
You knew the following spells:

 Your Spells              Type           Power        Failure   Level
a - Foxfire               Conj/Fire      100%         1%          1
b - Conjure Flame         Conj/Fire      25%          1%          3
c - Inner Flame           Hex/Fire       16%          4%          3
d - Sticky Flame          Conj/Fire      25%          5%          4
e - Fireball              Conj/Fire      12%          14%         5

Your spell library contained the following spells:

 Spells                   Type           Power        Failure   Level
 Freeze                   Ice            24%          4%          1
 Frozen Ramparts          Ice            12%          13%         3
 Ozocubu's Armour         Ice            6%           13%         3
 Hailstorm                Conj/Ice       15%          16%         4
 Summon Ice Beast         Ice/Summ       6%           38%         4
 Iskenderun's Battlesphe  Conj           24%          16%         5
 Bolt of Magma            Conj/Fire/Erth 9%           28%         5
 Iron Shot                Conj/Erth      7%           91%         6
 Orb of Destruction       Conj           12%          99%         7
 Spellforged Servitor     Conj/Summ      7%           100%        7


Dungeon Overview and Level Annotations

Branches:
Dungeon (8/15)             Temple (1/1) D:7
   Lair: D:8-11

Altars:
Dithmenos
Kikubaaqudgha
Makhleb
Nemelex Xobeh
Trog
The Shining One

Shops:
D:4 ?   D:7 !


Innate Abilities, Weirdness & Mutations

You are too large for most types of armour.
You have tough skin. (AC +1)


Message History

You climb upwards.
There is a stone staircase leading down here.
You start resting.
HP restored.
You climb downwards.
The yaktaur captain shoots a bolt.
The bolt hits you!!!
There is a stone staircase leading up, spattered with blood here.
You see here 4 bolts.
You climb upwards.
There is a stone staircase leading down here.
You start resting.
HP restored.
You climb downwards.
The yaktaur captain shoots a bolt.
The bolt hits you!!
There is a stone staircase leading up, spattered with blood here.
You see here 5 bolts.
Really quaff the potion of attraction?
You feel attractive to monsters.
The yaktaur captain shoots a bolt.
The bolt hits you!!!
The yaktaur captain is pulled toward you!
The yaktaur captain shoots a bolt.
The bolt hits you!!
You die...

# ####### ...##.#### ####
######## .........# #..######
#......# .........# ##...#..#
#......# .........###.....>.##
#......# #.........##...(@...##
#......#
####......##.........###§(....#
#......##........c...§.....#
#.......#.......##...§.....#
#.......##[.....#§§..§......#
####..............##..§........#
............#######...§........#
.###.......## ##...........##
.........### #.......c....#


You could see a yaktaur captain.

Vanquished Creatures
  A basilisk (D:7)
  A vampire mosquito (D:8)
  An orc warrior (D:8)
  2 ice beasts (D:8)
  3 ogres
  3 centaurs
  3 bullfrogs
  3 scorpions
  2 howler monkeys
  4 wights
  A bullfrog zombie (D:7)
  4 orc priests
  5 hounds
  A jelly (D:8)
  6 orc wizards
  2 centaur skeletons
  4 worker ants
  A killer bee zombie (D:8)
  A hound skeleton (D:5)
  8 adders
  4 gnolls (D:3)
  A shadow imp (D:8)
  3 ufetubi
  An ooze (D:1)
  An adder zombie (D:8)
  An adder skeleton (D:4)
  2 worms
  2 dart slugs
  5 leopard geckos
  24 orcs
  A ball python (D:3)
  12 giant cockroaches
  9 goblins
  5 hobgoblins (D:3)
  9 jackals
  3 quokkas
  2 bats
  4 frilled lizards
  10 kobolds
  A leopard gecko skeleton (D:4)
  2 leopard gecko zombies
  A quokka skeleton (D:5)
  9 rats
  A butterfly (D:7)
169 creatures vanquished.

Vanquished Creatures (others)
  364 foxfires
364 creatures vanquished.

Grand Total: 533 creatures vanquished

Notes
Turn   | Place    | Note
-------+----------+-------------------------------------------
     0 | D:1      | Brecoman the Ogre Fire Elementalist began the quest for the
                  | Orb.
     0 | D:1      | Reached XP level 1. HP: 16/16 MP: 3/3
    25 | D:1      | Reached skill level 1 in Conjurations
   211 | D:1      | Reached XP level 2. HP: 26/26 MP: 0/5
   279 | D:1      | Reached skill level 1 in Fighting
   975 | D:1      | Reached XP level 3. HP: 23/33 MP: 0/7
  1206 | D:2      | Reached skill level 1 in Throwing
  1206 | D:2      | Reached XP level 4. HP: 36/42 MP: 5/8
  1553 | D:2      | Learned a level 3 spell: Conjure Flame
  1557 | D:2      | Learned a level 3 spell: Inner Flame
  2759 | D:3      | Reached XP level 5. HP: 45/50 MP: 4/10
  2957 | D:3      | Found a bloodstained altar of Trog.
  3488 | D:3      | Found a burning altar of Makhleb.
  3501 | D:3      | Became a worshipper of Makhleb the Destroyer
  3534 | D:3      | Reached XP level 6. HP: 50/59 MP: 9/11
  4098 | D:4      | Found Neussite's Magic Scroll Boutique.
  4213 | D:4      | Bought a scroll of teleportation for 30 gold pieces
  4213 | D:4      | Bought a scroll of identify for 20 gold pieces
  4815 | D:4      | Reached skill level 1 in Invocations
  5128 | D:4      | Reached XP level 7. HP: 25/70 MP: 9/13
  5141 | D:4      | Reached * piety under Makhleb
  5937 | D:3      | Learned a level 4 spell: Sticky Flame
  6523 | D:4      | Got a slimy dagger
  6525 | D:4      | Identified the +12 dagger of Feng {speed, rF+} (You found
                  | it on level 4 of the Dungeon)
  6580 | D:5      | Entered Level 5 of the Dungeon
  7017 | D:5      | Found a sparkling altar of Nemelex Xobeh.
  7177 | D:5      | Reached XP level 8. HP: 77/79 MP: 15/15
  7811 | D:6      | Reached skill level 5 in Fighting
  7894 | D:6      | Reached ** piety under Makhleb
  7997 | D:6      | Reached skill level 5 in Spellcasting
  8567 | D:6      | Reached skill level 5 in Invocations
  8802 | D:7      | Found a staircase to the Ecumenical Temple.
  8810 | Temple   | Entered the Ecumenical Temple
  9174 | D:7      | Found Guiti's Distillery.
  9197 | D:7      | Bought a potion of curing for 36 gold pieces
  9244 | D:7      | Reached skill level 5 in Fire Magic
  9244 | D:7      | Reached XP level 9. HP: 89/89 MP: 14/17
 10560 | D:7      | Learned a level 5 spell: Fireball
 10675 | D:8      | Noticed a two-headed ogre
 10778 | D:8      | Reached *** piety under Makhleb
 10801 | D:8      | Noticed a yaktaur captain
 11237 | D:4      | Bought a scroll of fog for 20 gold pieces
 11237 | D:4      | Bought a scroll of blinking for 75 gold pieces
 11380 | D:7      | Bought a potion of heal wounds for 60 gold pieces
 11380 | D:7      | Bought a potion of haste for 120 gold pieces
 12262 | D:8      | Shot with a bolt by a yaktaur captain

Illustrated notes

Levels and vault maps discovered:
D:1:      lightli_arrival_chessboard, layout_rooms, minmay_misc_feat_nine_boxes,
          minivault_4
D:2:      layout_basic, dk_vineyard_2
D:3:      layout_rooms, old_standard_altar, gup_sewer_entry_pipe,
          trog_hazing_becter
D:4:      layout_layer_cave, serial_shops, nicolae_shop_trees,
          minmay_increasing_density
D:5:      layout_basic, basic_altar
D:6:      layout_cave_pools
D:7:      layout_basic, minmay_temple_entry_butterflies, serial_shops, shop,
          serial_corexii_hall, corexii_hall_statues_i, corexii_hall_statues_x,
          roderic_roman_lattice
D:8:      nzn_winding_woodlands_stair_cross [nzn_winding_woodlands_5x15_parted,
          nzn_winding_woodlands_center_pierced_h,
          nzn_winding_woodlands_5x15_pool,
          nzn_winding_woodlands_5x5_closed_star,
          nzn_winding_woodlands_5x5_checkerboard,
          nzn_winding_woodlands_5x15_twine, nzn_winding_woodlands_center_lodge,
          nzn_winding_woodlands_5x15_concentric], layout_cave_pods,
          lair_entry_dummy
Temple:   grunt_wide_crystal_templ

Skill      XL: |  1  2  3  4  5  6  7  8  9 |
---------------+----------------------------+-----
Conjurations   | 1 2 3 4 |  4.8
Fighting       | 1 2 3 4 5 6 |  6.9
Fire Magic     | 3 4 5 |  5.5
Throwing       | 1 2 |  2.4
Spellcasting   | 3 4 5 6 |  6.3
Invocations    | 2 3 5 6 |  6.5
Dodging        | |  1.7
Stealth        | |  1.4

Action                   |  1- 3 |  4- 6 |  7- 9 || total
-------------------------+-------+-------+-------++-------
Melee: Dagger            |    14 |    92 |   191 ||   297
Throw: Dart              |     2 |     3 |       ||     5
       Large rock        |     3 |     1 |       ||     4
 Cast: Foxfire           |    46 |   117 |    71 ||   234
       Sticky Flame      |       |       |     3 ||     3
       Fireball          |       |       |     2 ||     2
       Conjure Flame     |       |       |     1 ||     1
       Inner Flame       |       |       |     1 ||     1
  Use: Scroll            |       |    10 |    12 ||    22
       Potion            |       |       |     1 ||     1
 Stab: Sleeping          |       |     2 |     4 ||     6
Armor: Robe              |     9 |    31 |    39 ||    79
       Animal skin       |       |     9 |     6 ||    15
Dodge: Dodged            |    16 |    92 |    89 ||   197

Table legend: (Time is in decaauts)
 A = Elapsed time spent in this place.
 B = Non-inter-level travel time spent in this place.
 C = Inter-level travel time spent in this place.
 D = Time resting spent in this place.
 E = Time spent auto-exploring this place.
 F = Levels seen in this place.
 G = Mean time per level.
                   A        B        C        D        E       F      G
               +--------+--------+--------+--------+--------+-----+--------+
         Total |  12258 |  11280 |    978 |   4704 |   2911 |   9 | 1362.0 |
       Dungeon |  12256 |  11278 |    978 |   4704 |   2911 |   8 | 1532.0 |
        Temple |      1 |      1 |      0 |      0 |      0 |   1 |    1.0 |
               +--------+--------+--------+--------+--------+-----+--------+

Top non-repeatable levels by time:
     D:7: 2237 daAuts
     D:3: 2063 daAuts
     D:2: 2041 daAuts
     D:4: 1760 daAuts
     D:5: 1378 daAuts
     D:8: 1098 daAuts
     D:1: 1039 daAuts
     D:6: 638 daAuts
  Temple: 1 daAuts
